 Dungeon Crawl Stone Soup version 0.29.0-4-gdea44cf6ec (webtiles) character file.

Game seed: 13800316111806183449

53 qw the Chopper (level 3, 0/21 HPs)
             Began as a Tengu Warper on Aug 29, 2022.
             Succumbed to an adder's poison
             ... on level 2 of the Dungeon.
             The game lasted 00:00:08 (1622 turns).

qw the Chopper (Tengu Warper)                       Turns: 1622, Time: 00:00:09

Health: 0/21       AC:  3    Str: 13    XL:     3   Next: 87%
Magic:  7/7        EV: 12    Int: 13    God:
Gold:   80         SH:  0    Dex: 13    Spells: 6/6 levels left

rFire   . . .      SeeInvis .   Y - +0 hand axe
rCold   . . .      Faith    .   (no shield)
rNeg    . . .      Spirit   .   b - +0 leather armour
rPois   .          Reflect  .   (helmet restricted)
rElec   .          Harm     .   (no cloak)
rCorr   .          Rampage  .   (no gloves)
Will    .....                   (boots unavailable)
Stlth   +.........              (no amulet)
HPRegen 0.07/turn               (no ring)
MPRegen 0.10/turn               (no ring)

@: lethally poisoned (0 -> -2)
A: beak, talons 3
a: no special abilities


You were on level 2 of the Dungeon.
You visited 1 branch of the dungeon, and saw 2 of its levels.

You collected 80 gold pieces.


Innate Abilities, Weirdness & Mutations

You have a beak for a mouth.
You have claws for feet.


   Skills:
 - Level 2.0 Fighting
 + Level 4.5 Axes
 - Level 1.0 Throwing
 - Level 1.1 Armour
 - Level 2.1 Dodging
 - Level 2.0 Spellcasting
 - Level 2.4 Translocations


You had 6 spell levels left.
You didn't know any spells.
Your spell library contained the following spells:

 Spells                   Type           Power      Damage    Failure   Level
 Blink                    Tloc           14%        N/A       19%         2
 Gell's Gravitas          Tloc           7%         N/A       36%         3
 Lesser Beckoning         Tloc           7%         N/A       36%         3
 Teleport Other           Tloc           7%         N/A       36%         3
 Manifold Assault         Tloc           7%         N/A       98%         5

Inventory:

Hand Weapons
 f - a +0 club
 Y - a +0 hand axe (weapon)
Armour
 a - a +0 pair of gloves
 b - a +0 leather armour (worn)
Scrolls
 c - a scroll of identify {unknown}
Potions
 d - a potion of invisibility {unknown}
 e - a potion of heal wounds {unknown}
 i - a potion of degeneration {unknown}

Dungeon Overview and Level Annotations

Branches:
Dungeon (2/15)

Altars:


Message History

You closely miss the adder. Your peck misses the adder.
The adder is moderately wounded.
You feel sick.
The adder bites you but does no damage. x2
You miss the adder. Your peck misses the adder.
The adder is moderately wounded.
You feel sick. The adder barely misses you.
You miss the adder. Your peck misses the adder.
The adder is moderately wounded.
You feel sick.
You are no longer poisoned.
The adder barely misses you.
You hit the adder. Your kick misses the adder. Your peck misses the adder.
Your punch misses the adder.
The adder is moderately wounded.
The adder bites you.
You are poisoned.
The adder poisons you! The adder closely misses you.
You hit the adder.
The adder is almost dead.
You feel sick. The adder closely misses you.
You closely miss the adder.
The adder is almost dead.
You feel sick. The adder closely misses you. The adder bites you.
You are more poisoned.
The adder poisons you!
You barely miss the adder. Your kick misses the adder.
The adder is almost dead.
You feel sick. The adder barely misses you.
You closely miss the adder. Your peck misses the adder.
The adder is almost dead.
You feel sick. The adder bites you.
You hit the adder.
You kill the adder!
You feel sick.
There is a lethal amount of poison in your body!
You feel sick.
There is a lethal amount of poison in your body!
You feel sick.
There is a lethal amount of poison in your body!
You die...

### #.# #.#######
######### #........
........# #.#######
##########.##
#.#.....#
.......@....#
#.#.###.#
.......(....# #.#.#
#.. ............#
#.#.# ###
............# #.#.#
............# #.#.#
............# #.#.#
.##.........# #.#.#
#.........####.#.#####
..........#...#......


There were no monsters in sight!

Vanquished Creatures
  An adder (D:2)
  2 dart slugs
  5 bats (D:1)
  3 endoplasms
  3 giant cockroaches (D:1)
  3 goblins
  2 hobgoblins
  4 jackals (D:1)
  4 kobolds
  A quokka (D:1)
  A ball python (D:2)
  2 frilled lizards (D:2)
  6 rats
37 creatures vanquished.

Notes
Turn   | Place    | Note
-------+----------+-------------------------------------------
     0 | D:1      | qw the Tengu Warper began the quest for the Orb.
     0 | D:1      | Reached XP level 1. HP: 12/12 MP: 4/4
     0 | D:1      | 0 ||| qw: Version: 0.1-a-89-g26bdef1
     0 | D:1      | 0 ||| qw: Game counter: 3503
     0 | D:1      | 0 ||| qw: Always use a shield: true
     0 | D:1      | 0 ||| qw: God list: Okawaru
     0 | D:1      | 0 ||| qw: Allow faded altars: false
     0 | D:1      | 0 ||| qw: Do Orc after D:15 true
     0 | D:1      | 0 ||| qw: Do second Lair branch before Depths: true
     0 | D:1      | 0 ||| qw: Lair rune preference: random
     0 | D:1      | 0 ||| qw: Plans: Normal
     0 | D:1      | 0 ||| PLANNING D:1-11
   194 | D:1      | Reached skill level 3 in Axes
   194 | D:1      | Reached XP level 2. HP: 16/17 MP: 6/6
   440 | D:1      | 440 ||| Stepping ~*~*~tactically~*~*~ (stealth).
   467 | D:1      | 467 ||| Stepping ~*~*~tactically~*~*~ (stealth).
   471 | D:1      | 471 ||| Stepping ~*~*~tactically~*~*~ (stealth).
   472 | D:1      | 472 ||| Stepping ~*~*~tactically~*~*~ (stealth).
   474 | D:1      | 474 ||| Stepping ~*~*~tactically~*~*~ (stealth).
   480 | D:1      | 480 ||| Stepping ~*~*~tactically~*~*~ (stealth).
   485 | D:1      | 485 ||| Stepping ~*~*~tactically~*~*~ (stealth).
   620 | D:1      | Reached XP level 3. HP: 16/21 MP: 7/7
   916 | D:1      | Reached skill level 4 in Axes
   955 | D:1      | Found a faded altar of an unknown god.
  1036 | D:1      | 1036 ||| READING scroll labelled HAIDWI KAUNEI.
  1037 | D:1      | 1037 ||| READING scroll labelled SAROIBIXZA.
  1038 | D:1      | 1038 ||| READING scroll labelled ESAIMAA CEZXOG.
  1039 | D:1      | 1039 ||| DROPPING scroll of blinking.
  1073 | D:2      | 1073 ||| Stepping ~*~*~tactically~*~*~ (hiding).
  1175 | D:2      | 1175 ||| Stepping ~*~*~tactically~*~*~ (hiding).
  1296 | D:2      | 1296 ||| Stepping ~*~*~tactically~*~*~ (stealth).
  1435 | D:2      | 1435 ||| Stepping ~*~*~tactically~*~*~ (stealth).
  1618 | D:2      | HP: 4/21 [adder (3)]
  1620 | D:2      | HP: 1/21 [poisoned by an adder]
  1622 | D:2      | Succumbed to an adder's poison

Levels and vault maps discovered:
D:1:      shiori_arrival_elements, layout_rooms,
          chequers_ecumenical_altar_simple
D:2:      layout_basic, grunt_ministairs_4, hangedman_decor_opposing,
          minmay_close_crescents

Skill      XL: |  1  2  3 |
---------------+----------+-----
Axes           | 3 4 |  4.5
Fighting       | |  2.0
Throwing       | |  1.0
Armour         | |  1.1
Dodging        | |  2.1
Spellcasting   | |  2.0
Translocations | |  2.4

Action                   || total
-------------------------++-------
Melee: Hand axe          ||    94
       Peck              ||    10
       Kick              ||    15
       Punch             ||     2
Throw: Boomerang         ||     7
  Use: Scroll            ||     3
Armor: Leather armour    ||    26
Dodge: Dodged            ||    56

Table legend:
 A = Non-vault XP
 B = Vault XP
 C = Vault XP percentage of total XP
 D = Non-vault monster count
 E = Vault monster count
 F = Vault count percentage of total count
                 A         B        C        D         E       F
            +---------+---------+-------+---------+---------+-------
      Total |      76 |       0 |   0.0 |      37 |       0 |   0.0
            +---------+---------+-------+---------+---------+-------
        D:1 |      47 |       0 |   0.0 |      27 |       0 |   0.0
        D:2 |      29 |       0 |   0.0 |      10 |       0 |   0.0
            +---------+---------+-------+---------+---------+-------
